 Dungeon Crawl Stone Soup version 0.32-a0-572-g3e1049bc92 (webtiles) character file.

Game seed: 16384642937075719556

1351772 greenbourne the Cloud Mage (level 25, 220/226 HPs)
             Began as a Green Draconian Conjurer on Feb 28, 2024.
             Was the Champion of Vehumet.
             Escaped with the Orb
             ... and 3 runes on Mar 1, 2024!
             The game lasted 04:55:17 (108951 turns).

greenbourne the Cloud Mage (DrCj)                 Turns: 108951, Time: 04:55:17

Health: 220/226    AC: 21    Str: 19    XL:     25   Next: 77%
Magic:  61/61      EV: 14    Int: 34    God:    Vehumet [******]
Gold:   1406       SH: 15    Dex: 10    Spells: 2/64 levels left

rFire   + . .        r - staff of Trial by Ordeal {rC+ Conj}
rCold   + + .        n - +5 Storm Queen's Shield {shock, Fly rElec}
rNeg    . . .        (body armour unavailable)
rPois   +            z - +3 hat of Pondering {ponderous, Will+ MP+10 Int+5}
rElec   +            l - scarf {rC+ rF+}
rCorr   +            J - +2 pair of gloves {Str+3}
SInv    +            q - +2 pair of boots
Will    ++...        d - dreamshard necklace {Acrobat *Dream}
Stlth   +            G - ring "Xuom" {Wiz Str+2}
HPRegen 0.57/turn    a - ring "Jifawn" {rPois rCorr Int+3 SInv}
MPRegen 0.37/turn

%: acrobat, wizardry (x1)
@: flying, slow
A: noxious breath, AC +12, unfitting armour, stinger 1, poison resistance,
cold-blooded, clumsy 1, high MP 1, screaming 1, strong 1, noise suppression
0: Orb of Zot
}: 3/15 runes: decaying, serpentine, slimy
a: Noxious Breath, Renounce Religion


You escaped.
You worshipped Vehumet.
Vehumet was exalted by your worship.
You visited 11 branches of the dungeon, and saw 52 of its levels.
You visited the Abyss 1 time.
You also visited: Ossuary.

You collected 6737 gold pieces.
You spent 5331 gold pieces at shops.

Inventory:

Missiles
 y - 3 throwing nets
 T - 8 curare-tipped darts (quivered)
Armour
 l - a scarf of resistance (worn)
 n - the +5 Storm Queen's Shield (worn) {shock, Fly rElec}
   (You bought it in a shop on level 4 of the Dungeon)

   Shock:     When it blocks an attack, it may electrocute the attacker.
   This works even against foes who are a short distance away.
   rElec:     It insulates you from electricity.
   Fly:       It grants you flight.
 q - a +2 pair of boots (worn)
 z - the +3 hat of Pondering (worn) {ponderous, Will+ MP+10 Int+5}
   (You bought it in a shop on level 15 of the Dungeon)

   Int+5:     It affects your intelligence (+5).
   Will+:     It increases your willpower.
   MP+10:     It affects your magic capacity (+10).
 J - a +2 pair of gloves of strength (worn)
Magical Staves
 r - the staff of Trial by Ordeal (weapon) {rC+ Conj}
   (You found it on level 3 of the Elven Halls)

   [staff of conjuration]

   Base accuracy: +5 Base damage: 5 Base attack delay: 1.2 This weapon's minimum
   attack delay (0.6) is reached at skill level 12.
   rC+:       It protects you from cold.
   Conj:      It increases the power of your Conjurations spells.
   It falls into the 'Staves' category.
   It is a one-handed weapon.
Jewellery
 a - the ring "Jifawn" (right hand) {rPois rCorr Int+3 SInv}
   (You took it off a deep elf knight on level 3 of the Elven Halls)

   [ring of see invisible]

   Int+3:     It affects your intelligence (+3).
   rPois:     It protects you from poison.
   SInv:      It lets you see invisible.
   rCorr:     It protects you from acid and corrosion.
 d - the dreamshard necklace (around neck) {Acrobat *Dream}
   (You took it off a deep elf high priest on level 3 of the Elven Halls)

   [amulet of the acrobat]

   *Dream:    It absorbs a single lethal wound into itself, holding its wearer
   just short of death and releasing dream-creatures to guard them.
   Acrobat:   It increases your evasion while moving and waiting.
 o - an amulet of magic regeneration
 C - a +6 ring of intelligence
 G - the ring "Xuom" (left hand) {Wiz Str+2}
   (You found it on level 3 of the Snake Pit)

   [ring of wizardry]

   Wiz:       It improves your spell success rate.
   Str+2:     It affects your strength (+2).
 N - a ring of wizardry
 S - the ring of Oceypp {rElec Will+ Str+6}
   (You took it off a deep elf knight on level 3 of the Elven Halls)

   [ring of willpower]

   Str+6:     It affects your strength (+6).
   rElec:     It insulates you from electricity.
   Will+:     It increases your willpower.
 W - the ring of Xiestiga {rF+ rC+ Str+2 Dex+4 Stlth-}
   (You took it off a kobold brigand on level 10 of the Dungeon)

   [ring of protection from fire]

   Str+2:     It affects your strength (+2).
   Dex+4:     It affects your dexterity (+4).
   rF+:       It protects you from fire.
   rC+:       It protects you from cold.
   Stlth-:    It makes you less stealthy.
 X - the ring "Munumaopn" {rF+ rN+ Str+7 Int+3}
   (You found it on level 5 of the Pits of Slime)

   [ring of positive energy]

   Str+7:     It affects your strength (+7).
   Int+3:     It affects your intelligence (+3).
   rF+:       It protects you from fire.
   rN+:       It protects you from negative energy.
Wands
 v - a wand of polymorph (20)
 B - a wand of charming (50)
 H - a wand of acid (25)
 M - a wand of flame (104)
 O - a wand of roots (53)
 P - a wand of digging (39)
Scrolls
 b - 16 scrolls of teleportation
 c - 12 scrolls of fog
 f - 5 scrolls of amnesia
 h - 9 scrolls of poison
 k - 5 scrolls of blinking
 p - a scroll of torment
 s - 6 scrolls of immolation
 t - 3 scrolls of summoning
 L - 7 scrolls of fear
 V - 10 scrolls of vulnerability
Potions
 e - 4 potions of enlightenment
 g - 20 potions of curing
 i - 15 potions of heal wounds
 m - 12 potions of might
 u - 3 potions of brilliance
 w - 5 potions of haste
 x - a potion of magic
 A - 6 potions of ambrosia
 D - 7 potions of lignification
 E - a potion of cancellation
 I - 12 potions of resistance
 K - 10 potions of mutation
 Q - 7 potions of attraction
 R - a potion of invisibility
Miscellaneous
 j - a phantom mirror
 F - a lightning rod (4/4)
 Y - a phial of floods
 Z - a condenser vane


   Skills:
 + Level 18.7 Fighting
 - Level 2.7 Staves
 - Level 10.0 Dodging
 - Level 1.7 Stealth
 - Level 10.0 Shields
 - Level 20.0 Spellcasting
 - Level 22.0 Conjurations
 - Level 12.0 Summonings
 - Level 3.0 Translocations
 - Level 4.0 Fire Magic
 - Level 6.0 Ice Magic
 - Level 22.0 Air Magic
 - Level 12.2 Earth Magic
 - Level 7.0 Alchemy
 - Level 12.0 Invocations


You had 2 spell levels left.
You knew the following spells:

 Your Spells              Type           Power      Damage    Failure   Level
a - Spellforged Servitor  Conj/Summ      61%        N/A       1%          7
b - Lehudib's Crystal Sp  Conj/Erth      61%        10d14     1%          8
c - Chain Lightning       Conj/Air       67%        3d90      2%          9
d - Iskenderun's Mystic   Conj/Tloc      100%       2d19      1%          4
e - Conjure Ball Lightni  Conj/Air       67%        3x3d25    0%          6
f - Freezing Cloud        Conj/Ice/Air   60%        6-21      1%          5
g - Swiftness             Air            100%       N/A       0%          3
h - Bombard               Conj/Erth      61%        9d10      1%          6
i - Blink                 Tloc           100%       N/A       1%          2
j - Maxwell's Capacitive  Air            55%        ∞         1%          8
k - Passage of Golubria   Tloc           53%        N/A       2%          4

Your spell library contained the following spells:

 Spells                   Type           Power      Damage    Failure   Level
 Starburst                Conj/Fire      55%        6d15      1%          6
 Magic Dart               Conj           100%       1d8       0%          1
 Sandblast                Erth           100%       2d20      0%          1
 Shock                    Conj/Air       100%       1d9       0%          1
 Sting                    Conj/Alch      100%       1d9       0%          1
 Summon Small Mammal      Summ           100%       N/A       0%          1
 Call Imp                 Summ           100%       N/A       0%          2
 Mercury Vapours          Alch/Air       100%       N/A       0%          2
 Momentum Strike          Conj/Tloc      100%       3d10      0%          2
 Searing Ray              Conj           100%       2d8       0%          2
 Static Discharge         Conj/Air       100%       3-8/arc   0%          2
 Apportation              Tloc           100%       N/A       1%          1
 Freeze                   Ice            100%       1d10      1%          1
 Necrotise                Necr           100%       1d9       1%          1
 Ensorcelled Hibernation  Hex/Ice        100%       N/A       1%          2
 Jinxbite                 Hex            68%        N/A       1%          2
 Lesser Beckoning         Tloc           100%       N/A       1%          2
 Scorch                   Fire           100%       2d9       1%          2
 Sublimation of Blood     Necr           34%        N/A       1%          2
 Hailstorm                Conj/Ice       100%       3d16      0%          3
 Mephitic Cloud           Conj/Alch/Air  100%       N/A       0%          3
 Stone Arrow              Conj/Erth      100%       3d13      0%          3
 Airstrike                Air            55%        2d(8-24)  0%          4
 Brom's Barrelling Bould  Conj/Erth      100%       2d11      0%          4
 Summon Lightning Spire   Summ/Air       99%        N/A       0%          4
 Arcjolt                  Conj/Air       67%        1d77      0%          5
 Iskenderun's Battlesphe  Conj           100%       2d15      0%          5
 Frozen Ramparts          Ice            100%       1d16      1%          3
 Passwall                 Erth           87%        N/A       1%          3
 Summon Ice Beast         Ice/Summ       76%        N/A       1%          3
 Volatile Blastmotes      Fire/Tloc      100%       2d18      1%          3
 Flame Wave               Conj/Fire      100%       2d21      1%          4
 Fulminant Prism          Conj/Alch      57%        3d24      1%          4
 Ignite Poison            Fire/Alch      63%        N/A       1%          4
 Leda's Liquefaction      Alch/Erth      39%        N/A       1%          4
 Sticky Flame             Fire/Alch      63%        2d11      1%          4
 Summon Blazeheart Golem  Fire/Summ      73%        N/A       1%          4
 Vhi's Electric Charge    Tloc/Air       100%       N/A       1%          4
 Lee's Rapid Deconstruct  Erth           43%        3d21*     1%          5
 Silence                  Hex/Air        41%        N/A       1%          5
 Summon Forest            Summ/Tloc      35%        N/A       1%          5
 Summon Mana Viper        Hex/Summ       65%        N/A       1%          5
 Yara's Violent Unravell  Hex/Alch       27%        3d12      1%          5
 Plasma Beam              Fire/Air       44%        2x1d58    1%          6
 Summon Cactus Giant      Summ           43%        N/A       1%          6
 Orb of Destruction       Conj           67%        9d16      1%          7
 Fugue of the Fallen      Necr           34%        N/A       2%          3
 Tukima's Dance           Hex            34%        N/A       2%          3
 Summon Hydra             Summ           43%        N/A       4%          7
 Anguish                  Hex/Necr       17%        N/A       8%          4
 Sculpt Simulacrum        Ice/Alch       33%        N/A       8%          6
 Ozocubu's Refrigeration  Ice            32%        4d14      13%         7
 Fire Storm               Conj/Fire      55%        8d14      56%         9
 Shatter                  Erth           43%        3d34*     65%         9
 Ignition                 Fire           28%        3d9       83%         8
 Enfeeble                 Hex            17%        N/A       99%         7
 Polar Vortex             Ice            32%        12d4*     99%         9
 Animate Armour           Summ/Erth      Unusable   N/A       N/A         4

Dungeon Overview and Level Annotations

Branches:
Dungeon (15/15)            Temple (1/1) D:4            Lair (5/5) D:10
  Swamp (4/4) Lair:2        Snake (4/4) Lair:2        Slime (5/5) Lair:5
    Orc (2/2) D:9             Elf (3/3) Orc:2        Vaults (4/5) D:13
  Crypt (0/3) Vaults:3     Depths (4/4) D:15            Zot (5/5) Depths:4
Ossuary (visited)

Altars:
Ashenzari
Cheibriados
Dithmenos
Elyvilon
Fedhas
Gozag
Hepliaklqana
Kikubaaqudgha
Makhleb
Nemelex Xobeh
Okawaru
Qazlal
Ru
Sif Muna
Trog
Uskayaw
Vehumet
Wu Jian
Xom
Yredelemnul
Zin
The Shining One
Beogh
Jiyva

Shops:
D:4 [   D:7 (   D:9 (   D:15 [   Orc:2 ((=:*([   Elf:1 *[   Elf:2 !:   Elf:3 :
Snake:1 :=**   Snake:4 =[   Vaults:1 =   Vaults:2 [   Vaults:4 ?   Depths:2 :[

Portals:
Hell: Depths:1 Depths:2 Depths:3 Depths:4
Abyss: Depths:2 Depths:3
Pandemonium: Depths:2
Ziggurat: Depths:1

Annotations:
D:14 4 transporters
Lair:4 exclusion: 4 oklob plants
Orc:1 2 runed translucent doors, Kuwn's ghost, journeyman HuDe
Elf:2 3 runed translucent doors
Vaults:1 1 runed translucent door, hyperkahler's ghost, veteran MiFi
Zot:4 4 transporters
Zot:5 3 runed translucent doors, Hakotaro's ghost, master OpCj


Innate Abilities, Weirdness & Mutations

You can breathe blasts of noxious fumes.
Your lurid green scales are hard. (AC +12)
You cannot fit into any form of body armour.
Your tail ends in a venomous barb.
Your system is resistant to poisons. (rPois)
You are cold-blooded and may be slowed by cold attacks.
You are clumsy. (Dex -2)
You have an increased reservoir of magic. (+10% MP)
You occasionally shout uncontrollably at your foes.
Your muscles are strong. (Str +4, Int/Dex -1)
You passively dampen the noise of your surroundings.


Message History

The crystal spear hits the Orb Guardian!!!
The Orb Guardian dies!
Vehumet accepts your kill.
There is a stone staircase leading up here.
You start resting.
Your spellforged servitor disappears in a puff of smoke!
A Brimstone Fiend comes into view.
A Brimstone Fiend is nearby!
The Brimstone Fiend gestures at you.
The sphere of damnation explodes!
The damnation engulfs you!!
You fly upwards.
There is a stone staircase leading down here.
You feel yourself speed up.
There is an open door here.
You hear a grinding noise.
You see here 5 stones.
There is a stone staircase leading up here.
You fly upwards.
There is a stone staircase leading down here.
You see here a frilled lizard skeleton.
There is a stone staircase leading up here.
You fly upwards.
There is a stone staircase leading down here.
Your extra speed is starting to run out.
You feel yourself slow down.
A reaper comes into view. It is wielding a +2 scythe of flaming.
A balrug and a sun demon come into view.
The balrug is wielding a +2 demon whip of venom.
Blink to where?
Press: ? - help, Dir - move target
As you read the scroll of blinking, it crumbles to dust.
The balrug moves out of view.
The sun demon moves out of view.
Casting: Spellforged Servitor (mildly dangerous; 1% risk of failure)
Confirm with . or Enter, or press ? or * to list all spells.
Okay, then.
Blink to where?
Press: ? - help, Dir - move target
As you read the scroll of blinking, it crumbles to dust.
There is a staircase leading out of the dungeon here.
You have escaped!

........§÷.............##..######
.......................###.#
##...#####..)#######...# #.#
#...# #...# #...# #.# ##...#
#...# #...###.######
.....#####...# #...#.........
.............#######...#....#####
......................)#....#
...#####........@......##...#
...# #...####........###### ...#
#...# #...##...#
...#####...####...##...#
.......................#
.......................#
########################


There were no monsters in sight!

Vanquished Creatures
  A pandemonium lord (D:6)
  Dissolution (Slime:3)
  the Royal Jelly (Slime:5)
  5 dread liches (Zot:5)
  2 ancient liches
  4 orbs of fire
  A juggernaut (Depths:3)
  Xtahua (Vaults:2)
  Sojobo (Depths:2)
  8 Killer Klowns
  A caustic shrike (Depths:3)
  3 curse toes
  18 golden dragons
  Nikola (Vaults:1)
  A bone dragon (Swamp:4)
  2 doom hounds (Zot:4)
  3 electric golems
  A walking crystal tome (Depths:2)
  3 liches
  22 Orb Guardians
  Rupert (Lair:3)
  3 deep elf master archers (Elf:3)
  Grunn (Zot:4)
  7 tentacled monstrosities
  Mlioglotl (Lair:2)
  2 deep elf blademasters (Elf:3)
  Asterion (Elf:3)
  4 quicksilver dragons
  A walking divine tome (Depths:2)
  A walking frostbound tome (Depths:3)
  An Executioner (Zot:2)
  A sphinx (Vaults:4)
  6 death cobs
  16 acid blobs
  Frances (D:13)
  10 storm dragons
  Kirke (D:14)
  5 shadow dragons
  2 protean progenitors
  Aizul (Snake:2)
  4 tengu reavers
  The ghost of Lajad the Destroyer, an adept OpFE of Sif Muna (Elf:1)
  12 nagarajas (Snake:4)
  8 rockslimes
  8 fire giants
  Donald (Slime:3)
  8 azure jellies
  6 draconian shifters
  7 draconian monks
  5 draconian knights
  8 frost giants
  7 deep elf sorcerers (Elf:3)
  6 draconian scorchers
  3 iron dragons
  Louise (D:13)
  4 vault wardens
  4 ghost moths
  3 spectral caustic shrikes (Depths:1)
  3 draconian stormcallers
  5 deep elf elementalists (Elf:3)
  An orc warlord (Orc:2)
  9 stone giants
  6 formless jellyfish
  12 ironbound preservers
  6 ironbound thunderhulks
  6 very ugly things
  7 quicksilver oozes
  A spriggan defender (Depths:3)
  3 deep elf demonologists
  3 vampire knights
  An eleionoma (Swamp:3)
  7 deep elf death magi
  3 draconian annihilators
  10 black draconians
  2 lorocyprocas (D:12)
  13 green draconians
  6 deep elf annihilators (Elf:3)
  10 purple draconians
  5 bunyips
  6 white draconians
  9 yellow draconians
  A war gargoyle (Vaults:2)
  12 red draconians
  3 spark wasps (Depths:3)
  4 dire elephants
  5 fire dragons
  Snorg (D:10)
  A crystal guardian (Vaults:2)
  7 ettins
  A merfolk javelineer (Depths:4)
  4 yaktaur captains
  2 jiangshi (Depths:3)
  4 deep elf high priests (Elf:3)
  A shambling mangrove (Swamp:3)
  An entropy weaver (Vaults:1)
  11 hydras
  10 great orbs of eyes
  A salamander tyrant (Snake:4)
  Erolcha (D:12)
  3 ice dragons
  3 peacekeepers
  A catoblepas (Lair:5)
  2 vault guards (Vaults:3)
  4 ghost crabs
  2 rakshasas
  13 centaur warriors
  3 anacondas
  2 jorogumos (Zot:2)
  10 alligators
  A death knight (D:14)
  6 ironbound frosthearts
  6 spriggan air magi
  7 boulder beetles
  29 dancing weapons
  Erica (D:9)
  4 two-headed ogres
  4 deep troll shamans
  12 death yaks
  8 deep troll earth magi
  A vampire mage (Depths:3)
  8 spriggan berserkers
  2 tengu warriors
  A storm dragon zombie (Depths:2)
  An orc high priest (Orc:2)
  Urug (Lair:4)
  The ghost of voshxx the Geomancer, a journeyman GrEE of Vehumet (D:9)
  11 naga warriors
  12 naga sharpshooters
  3 soul eaters
  A sun demon (D:12)
  13 deep elf knights
  7 shock serpents
  A skeletal warrior (D:14)
  9 spriggans
  5 hell knights
  2 salamander mystics
  Lodul (D:12)
  7 iron trolls
  43 deep trolls
  A fire crab (Lair:4)
  A glowing orange brain (Vaults:1)
  A death drake (Swamp:4)
  A shadow demon (D:12)
  4 swamp dragons
  A goliath frog (Swamp:2)
  6 mana vipers
  A lindwurm (Vaults:3)
  3 large abominations
  5 arcanists
  6 bog bodies
  5 naga ritualists
  2 spriggan druids
  An alligator zombie (Swamp:4)
  13 deep elf archers
  6 spectral hydras (Swamp:4)
  5 necromancers
  Pikel (D:7)
  2 obsidian statues (Zot:5)
  A spectral alligator (Swamp:4)
  12 ironbound convokers
  4 harpies (Vaults:1)
  A phantasmal warrior (Swamp:4)
  3 thermic dynamos (Elf:1)
  15 deep elf zephyrmancers
  Maurice (D:7)
  22 deep elf pyromancers
  13 orc knights
  18 ugly things
  5 orc sorcerers
  A shadow dragon skeleton (Depths:2)
  A salamander (shapeshifter) (Depths:2)
  A shining eye (Slime:5)
  8 salamanders
  4 will-o-the-wisps
  A wolf spider (shapeshifter) (Depths:3)
  5 manticores
  22 moths of wrath
  A frost giant zombie (Depths:2)
  A frost giant skeleton (Depths:2)
  10 elephants
  9 cyclopes
  4 nameless horrors
  11 vault sentinels
  Joseph (D:9)
  7 guardian serpents
  A smoke demon (Zot:1)
  A torpor snail (shapeshifter) (Depths:2)
  An eye of devastation (Slime:5)
  3 meliai (D:15)
  4 gargoyles
  5 kobold blastminers
  17 black mambas
  2 molten gargoyles (D:15)
  2 guardian serpents (shapeshifter)
  13 naga magi
  A cane toad (shapeshifter) (Elf:3)
  Maggie (D:7)
  2 unseen horrors (Depths:2)
  12 cane toads
  13 yaktaurs
  2 swamp worm zombies (Swamp:4)
  6 efreet
  A tormentor (Zot:4)
  4 rime drakes
  10 komodo dragons
  4 tengu conjurers
  A freezing wraith (D:14)
  3 hydra zombies (Swamp:4)
  A red devil (Zot:1)
  2 bloated husks (Swamp:4)
  10 trolls
  13 hornets
  3 polar bears
  9 tyrant leeches
  A frost giant simulacrum (Depths:2)
  A spectral swamp dragon (Swamp:4)
  2 dream sheep (Lair:5)
  3 glass eyes
  2 air elementals
  A culicivora (Vaults:1)
  89 slime creatures
  A shadow (D:9)
  The ghost of Zing the Shooter, an amateur SpHu of Beogh (D:4)
  A centaur simulacrum (D:14)
  9 wyverns
  7 wraiths
  3 vampires
  2 hogs (D:14)
  6 water elementals
  49 yaks
  8 basilisks
  7 tyrant leech zombies (Swamp:4)
  3 fire elementals
  Eustachio (D:4)
  11 golden eyes
  2 chaos spawn (Depths:2)
  6 wargs
  A warg (shapeshifter) (D:15)
  12 vampire mosquitoes
  5 steam dragons
  21 swamp worms
  2 redbacks (Vaults:1)
  2 acid dragons
  14 water moccasins
  22 nagas
  Duvessa (D:4)
  6 swamp drakes
  An ice beast (D:6)
  A hornet zombie (D:6)
  2 black bears
  32 orc warriors
  4 swamp dragon zombies (Swamp:4)
  2 laughing skulls (D:15)
  2 sky beasts (D:7)
  12 ogres
  7 small abominations (Depths:2)
  5 wolves (Lair:2)
  8 phantoms (Swamp:4)
  21 centaurs
  3 lemures (D:7)
  An elf zombie (Ossuary)
  4 weeping skulls
  4 kobold brigands
  11 bullfrogs
  6 earth elementals
  A gnoll sergeant (D:13)
  A wyvern zombie (D:6)
  8 scorpions
  A burial acolyte (Ossuary)
  19 wights
  Dowan (D:4)
  8 killer bees
  6 howler monkeys
  An electric eel (D:8)
  A bombardier beetle (D:5)
  2 bullfrog zombies (D:6)
  6 lava snakes (D:15)
  A quasit (Abyss:3)
  16 orc priests
  A centaur zombie (D:6)
  2 hounds
  5 jellies
  A gnoll bouda (D:6)
  A human zombie (D:6)
  An iguana (D:6)
  20 orc wizards
  7 mummies
  Robin (D:2)
  6 gnolls
  12 adders
  3 white imps
  3 dart slugs
  3 ribbon worms
  63 orcs
  9 ball pythons
  9 bats
  7 endoplasms
  A giant cockroach (D:3)
  A gnoll zombie (Ossuary)
  18 goblins
  7 hobgoblins
  2 quokkas (D:1)
  4 frilled lizards
  12 kobolds
  6 kobold zombies
  2 orc zombies (Ossuary)
  4 rats
  2 aspiring fleshes (Zot:3)
  A fulminant prism (Lair:2)
1805 creatures vanquished.

Vanquished Creatures (collateral kills)
  2 golden dragons
  3 tentacled monstrosities
  A lich (Depths:1)
  5 Orb Guardians
  A quicksilver dragon (Zot:2)
  A sphinx (Depths:2)
  A death cob (Zot:1)
  3 acid blobs (Slime:5)
  4 storm dragons
  3 shadow dragons
  2 tengu reavers
  A draconian monk (Zot:3)
  3 rockslimes
  2 azure jellies (Slime:5)
  A frost giant (Depths:2)
  5 vault wardens
  A draconian shifter (Zot:1)
  A spectral caustic shrike (Depths:1)
  3 very ugly things
  4 formless jellyfish
  4 ironbound preservers
  2 draconian annihilators
  3 ironbound thunderhulks
  A stone giant (Depths:4)
  A vampire knight (Depths:2)
  3 green draconians
  A dire elephant (Vaults:2)
  3 yaktaur captains
  An entropy weaver (Vaults:1)
  2 ice dragons
  7 great orbs of eyes
  2 vault guards (Vaults:3)
  2 spriggan air magi (Depths:2)
  A sphinx zombie (Depths:2)
  4 ironbound frosthearts
  2 boulder beetles
  A deep troll earth mage (Depths:2)
  A tengu warrior (Depths:4)
  2 deep troll shamans
  A spriggan berserker (Depths:4)
  2 hell knights (Depths:4)
  3 iron trolls
  17 deep trolls
  A tengu zombie (Depths:2)
  2 arcanists
  A phantasmal warrior (Vaults:2)
  A necromancer (Depths:4)
  A large abomination (Depths:2)
  6 lindwurms
  A deep elf zephyrmancer (Elf:1)
  3 ironbound convokers
  6 ugly things
  A manticore (D:12)
  11 moths of wrath
  An elephant (Lair:5)
  4 vault sentinels
  A black mamba (Lair:5)
  6 rime drakes (Lair:5)
  A komodo dragon (shapeshifter) (Vaults:3)
  11 yaktaurs
  A hornet (Depths:4)
  A glass eye (Depths:2)
  A blink frog (Lair:5)
  11 slime creatures
  A yak (Lair:5)
  A basilisk (Lair:5)
  7 water elementals
  2 wyverns (Lair:5)
  2 golden eyes (Slime:1)
  A redback (Vaults:1)
  A glowing shapeshifter zombie (Depths:2)
  A small abomination (Depths:2)
  An acid dragon (Lair:5)
  2 water moccasins (Lair:5)
  2 iguanas (Lair:5)
  2 orcs (D:4)
208 creatures vanquished.

Vanquished Creatures (others)
  A draconian annihilator (Zot:2)
  A red draconian (Zot:1)
  A deep troll shaman (Depths:3)
  2 bloated husks (Swamp:4)
  A slime creature (D:13)
  A human (D:14)
  An orc warrior (Orc:1)
  106 ball lightnings
  8 foxfires (Swamp:3)
  104 fulminant prisms
  2 starspawn tentacles (Swamp:1)
228 creatures vanquished.

Grand Total: 2241 creatures vanquished

Notes
Turn   | Place    | Note
-------+----------+-------------------------------------------
     0 | D:1      | greenbourne the Draconian Conjurer began the quest for the
                  | Orb.
     0 | D:1      | Reached XP level 1. HP: 14/14 MP: 3/3
   568 | D:1      | Reached XP level 2. HP: 20/20 MP: 5/5
   619 | D:1      | Learned a level 2 spell: Searing Ray
  1007 | D:2      | Noticed Robin
  1013 | D:2      | Killed Robin
  1014 | D:2      | Reached XP level 3. HP: 26/26 MP: 3/7
  1386 | D:2      | Found a shimmering altar of Xom.
  1485 | D:2      | Reached XP level 4. HP: 31/33 MP: 8/8
  1712 | D:2      | Reached skill level 5 in Conjurations
  2459 | D:3      | Learned a level 4 spell: Fulminant Prism
  2466 | D:3      | Found an ornate altar of the Wu Jian Council.
  2466 | D:3      | Found a burning altar of Makhleb.
  3011 | D:3      | Reached XP level 5. HP: 38/38 MP: 10/10
  3017 | D:3      | Learned a level 4 spell: Iskenderun's Mystic Blast
  3139 | D:3      | Found a stormy altar of Qazlal.
  3145 | D:3      | Found a blossoming altar of Fedhas.
  3354 | D:3      | Reached skill level 1 in Staves
  3912 | D:4      | Reached skill level 1 in Alchemy
  4034 | D:4      | Found a white marble altar of Elyvilon.
  4047 | D:4      | Became a worshipper of Elyvilon the Healer
  4047 | D:4      | Noticed Duvessa
  4057 | D:4      | Killed Duvessa
  4058 | D:4      | Reached XP level 6. HP: 44/45 MP: 8/12
  4066 | D:4      | Noticed Dowan
  4078 | D:4      | Killed Dowan
  4297 | D:4      | Found Miteseskimp's Armour Boutique.
  4297 | D:4      | Noticed an animated gold dragon scales
  4297 | D:4      | Noticed an animated crystal plate armour
  4305 | D:4      | Bought a +0 pair of gloves for 63 gold pieces
  4312 | D:4      | Noticed Eustachio
  4735 | D:4      | Killed Eustachio
  4736 | D:4      | Your scales start taking on a lurid green colour.
  4736 | D:4      | Reached XP level 7. HP: 50/50 MP: 12/13
  4736 | D:4      | Gained mutation: Your system is resistant to poisons.
                  | (rPois) [Green Draconian growth]
  4842 | D:4      | Found a sparkling altar of Nemelex Xobeh.
  4892 | D:4      | Found a staircase to the Ecumenical Temple.
  4961 | Temple   | Entered the Ecumenical Temple
  5014 | D:4      | Found a sacrificial altar of Ru.
  5127 | D:4      | Found a runed translucent gate.
  5128 | D:4      | Found a runed translucent gate.
  5129 | D:4      | Found a runed translucent gate.
  5137 | D:4      | Noticed Zing's ghost (amateur SpHu)
  5251 | D:4      | Found a roughly hewn altar of Beogh.
  5260 | D:5      | Entered Level 5 of the Dungeon
  5295 | D:5      | Reached * piety under Elyvilon
  5501 | D:5      | Reached skill level 5 in Spellcasting
  5539 | D:5      | Learned a level 3 spell: Mephitic Cloud
  5749 | D:5      | Reached ** piety under Elyvilon
  6001 | D:5      | Reached skill level 5 in Alchemy
  6283 | D:6      | Reached XP level 8. HP: 57/57 MP: 15/15
  6723 | D:6      | Got the Discursus on the Tempest
  6957 | D:6      | Reached skill level 1 in Air Magic
  6978 | D:6      | Found a basalt altar of Yredelemnul.
  7747 | D:6      | Reached XP level 9. HP: 62/62 MP: 16/16
  7959 | D:6      | Reached skill level 1 in Translocations
  8487 | D:7      | Noticed Maurice
  8694 | D:7      | Reached skill level 1 in Ice Magic
  8861 | D:7      | Found Ruumablou's Antique Weapon Shoppe.
  8906 | D:7      | Noticed Pikel
  9058 | D:7      | Reached *** piety under Elyvilon
  9092 | D:7      | Found a sand-covered staircase.
  9100 | Ossuary  | Entered an ossuary
 10358 | D:7      | Killed Pikel
 10359 | D:7      | Reached skill level 10 in Conjurations
 10359 | D:7      | Reached skill level 5 in Air Magic
 10659 | D:7      | Reached XP level 10. HP: 69/69 MP: 17/17
 10742 | D:7      | Killed Maurice
 10743 | D:7      | Reached skill level 5 in Ice Magic
 10749 | D:7      | Learned a level 5 spell: Freezing Cloud
 10800 | D:7      | Noticed Maggie
 10816 | D:7      | Killed Maggie
 10871 | D:7      | Found a shimmering blue altar of Sif Muna.
 11371 | D:8      | Noticed a two-headed ogre
 11724 | D:8      | Killed a two-headed ogre
 11883 | D:8      | Found an iron altar of Okawaru.
 12421 | D:8      | Reached **** piety under Elyvilon
 12552 | D:9      | Noticed a two-headed ogre
 12557 | D:9      | Killed a two-headed ogre
 12965 | D:9      | Found a staircase to the Orcish Mines.
 12969 | D:9      | Found a runed translucent gate.
 12971 | D:9      | Found a runed translucent gate.
 12972 | D:9      | Found a runed translucent gate.
 12974 | D:9      | Noticed voshxx's ghost (journeyman GrEE)
 13059 | D:9      | Noticed Joseph
 13061 | D:9      | Noticed Erica
 13066 | D:9      | Killed Erica
 13067 | D:9      | Reached XP level 11. HP: 38/74 MP: 13/24
 13067 | D:9      | Killed Joseph
 13068 | D:9      | Reached skill level 10 in Spellcasting
 13085 | D:9      | Reached skill level 1 in Fighting
 13342 | D:9      | Found a glowing silver altar of Zin.
 13422 | D:9      | Killed voshxx's ghost
 13674 | D:9      | Found an ancient bone altar of Kikubaaqudgha.
 13923 | D:9      | Reached skill level 5 in Fighting
 14357 | D:9      | Reached skill level 1 in Invocations
 14442 | D:9      | You fall into a shaft and drop 1 floor!
 14442 | D:10     | Entered Level 10 of the Dungeon
 14527 | D:9      | Found Ycuih's Weapon Shop.
 15228 | D:10     | Noticed a two-headed ogre
 15235 | D:10     | Killed a two-headed ogre
 15658 | D:10     | Learned a level 5 spell: Arcjolt
 15881 | D:10     | Reached skill level 5 in Invocations
 15883 | D:10     | Found a staircase to the Lair.
 16295 | D:10     | Noticed Snorg
 16308 | D:10     | Noticed a green very ugly thing
 16671 | D:10     | Noticed a great orb of eyes
 16678 | D:10     | Killed a great orb of eyes
 17071 | D:10     | Killed a green very ugly thing
 17072 | D:10     | Reached XP level 12. HP: 94/94 MP: 17/26
 17510 | D:10     | Noticed a four-headed hydra
 17519 | D:10     | Killed a four-headed hydra
 17521 | D:10     | Identified the ring of Xiestiga {rF+ rC+ Str+2 Dex+4
                  | Stlth-}
 18090 | D:10     | Reached ***** piety under Elyvilon
 18111 | D:10     | Identified the ring "Keozuh" {Fire rN+ rCorr}
 18116 | D:10     | Identified the +3 trident "Ucihe" {pain, rF+ Str+3}
 18151 | D:10     | Killed Snorg
 18152 | D:10     | Reached skill level 10 in Invocations
 18550 | Lair:1   | Entered Level 1 of the Lair of Beasts
 19167 | Lair:1   | Found the +6 shillelagh "Devastator" {shatter}
 20649 | Lair:2   | Found a staircase to the Swamp.
 20666 | Lair:2   | Found a staircase to the Snake Pit.
 20666 | Lair:2   | Noticed a death yak
 20666 | Lair:2   | Noticed a death yak
 20666 | Lair:2   | Noticed a death yak
 20666 | Lair:2   | Noticed a death yak
 20666 | Lair:2   | Noticed a death yak
 21348 | Lair:2   | Killed a death yak
 21348 | Lair:2   | Killed a death yak
 21378 | Lair:2   | Killed a death yak
 21379 | Lair:2   | Reached XP level 13. HP: 100/100 MP: 15/29
 22416 | Lair:3   | Noticed Rupert
 22697 | Lair:3   | Identified the +1 war axe "Ogreslayer" {flame, rC+ Str+3}
 22803 | Lair:3   | Killed Rupert
 23583 | Lair:3   | Reached ****** piety under Elyvilon
 24006 | Lair:4   | Reached skill level 1 in Shields
 24803 | Lair:4   | Noticed Urug
 24811 | Lair:4   | Killed Urug
 26631 | D:11     | Reached skill level 5 in Shields
 26631 | D:11     | Gained mutation: Your tail ends in a venomous barb. [Green
                  | Draconian growth]
 26631 | D:11     | Reached XP level 14. HP: 94/107 MP: 27/32
 27737 | D:12     | Noticed Lodul
 27747 | D:12     | Killed Lodul
 28191 | D:4      | Bought the +5 Storm Queen's Shield {shock, Fly rElec} for
                  | 638 gold pieces
 28191 | D:4      | Found the +5 Storm Queen's Shield {shock, Fly rElec}
 28311 | Orc:1    | Entered Level 1 of the Orcish Mines
 28312 | Orc:1    | Paralysed by an orc sorcerer for 2 turns
 28325 | Orc:1    | Reached skill level 10 in Air Magic
 29752 | Orc:1    | Found a large runed translucent door.
 29752 | Orc:1    | Found a large runed translucent door.
 29756 | Orc:1    | Noticed Kuwn's ghost (journeyman HuDe)
 29859 | Orc:1    | Upgraded the game from 0.32-a0-534-ga61f84b8bd to
                  | 0.32-a0-543-gefe97123c3
 29878 | Orc:2    | Entered Level 2 of the Orcish Mines
 29878 | Orc:2    | Found Luisaceo's Weapon Emporium.
 29878 | Orc:2    | Found Nutiutze's Weapon Shoppe.
 30337 | Orc:2    | Found a staircase to the Elven Halls.
 31598 | Orc:2    | Found Jutuf's Distillery.
 32138 | Orc:2    | Noticed an orc warlord
 32505 | Orc:2    | Found Laokim Fysym's Jewellery Shop.
 32511 | Orc:2    | Bought an amulet of magic regeneration for 300 gold pieces
 32842 | Orc:2    | Killed an orc warlord
 32870 | Orc:2    | Found a roughly hewn altar of Beogh.
 32873 | Orc:2    | Found Onwoek's General Store.
 32878 | Orc:2    | Found Dutoggua's Antique Armour Shoppe.
 32902 | Orc:2    | Found Xiptocla's Book Shoppe.
 32917 | Orc:2    | Bought a book of Power for 630 gold pieces
 32933 | Orc:2    | Bought a +1 pair of gloves of strength for 198 gold pieces
 32933 | Orc:2    | Bought a scroll of teleportation for 36 gold pieces
 32933 | Orc:2    | Bought a scroll of identify for 24 gold pieces
 32933 | Orc:2    | Bought 2 scrolls of identify for 48 gold pieces
 32933 | Orc:2    | Bought a potion of might for 48 gold pieces
 32963 | Orc:2    | Found Ifehufody's Antique Weapon Shoppe.
 33187 | D:12     | Noticed Erolcha
 33193 | D:12     | Killed Erolcha
 33393 | D:12     | Reached skill level 1 in Earth Magic
 34477 | D:13     | Noticed Louise
 34486 | D:13     | Killed Louise
 34575 | D:13     | Reached XP level 15. HP: 113/113 MP: 31/33
 34621 | D:13     | Found a gate to the Vaults.
 35385 | D:13     | Noticed Frances
 35398 | D:13     | Killed Frances
 35399 | D:13     | Reached skill level 10 in Shields
 35672 | D:13     | Reached skill level 5 in Earth Magic
 35872 | D:13     | Learned a level 6 spell: Bombard
 35875 | D:13     | Learned a level 2 spell: Blink
 36601 | D:14     | Found a transporter.
 36603 | D:14     | Found a transporter.
 36618 | D:14     | Noticed Kirke
 36624 | D:14     | Killed Kirke
 36668 | D:14     | Found a transporter.
 36704 | D:14     | Found a transporter.
 36867 | D:15     | Entered Level 15 of the Dungeon
 37810 | D:15     | Found Cheibriados's Comfort Zone.
 37917 | D:15     | Found a snail-covered altar of Cheibriados.
 37921 | D:15     | Bought the +3 hat of Pondering {ponderous, Will+ MP+10
                  | Int+5} for 457 gold pieces
 37921 | D:15     | Found the +3 hat of Pondering {ponderous, Will+ MP+10
                  | Int+5}
 38010 | D:15     | Reached skill level 10 in Earth Magic
 38136 | D:15     | Found a staircase to the Depths.
 38736 | Snake:1  | Entered Level 1 of the Snake Pit
 38813 | Snake:1  | Found Noddim's General Store.
 39178 | Snake:1  | Bought a scroll of blinking for 120 gold pieces
 39549 | Snake:1  | Reached XP level 16. HP: 119/119 MP: 21/34
 39920 | Snake:1  | Reached skill level 15 in Spellcasting
 40168 | Snake:1  | Found Optemit's Book Shop.
 40240 | Snake:1  | Found Sauziteth's Jewellery Boutique.
 40378 | Snake:1  | Found Paekunab's General Store.
 40759 | Snake:2  | Identified the serpent talisman "Wuzuj" {rN+++ Will+ Int-4}
 40759 | Snake:2  | Noticed Aizul
 40769 | Snake:2  | Killed Aizul
 41994 | Snake:3  | Identified the ring "Xuom" {Wiz Str+2}
 42491 | Snake:3  | Learned a level 8 spell: Maxwell's Capacitive Coupling
 43125 | Snake:4  | Entered Level 4 of the Snake Pit
 43313 | Snake:4  | Found Taewnef's Armour Shop.
 43352 | Snake:4  | Found Tingopita's Jewellery Shop.
 43860 | Snake:4  | Reached skill level 15 in Air Magic
 47510 | Snake:4  | Reached XP level 17. HP: 95/126 MP: 27/36
 47973 | Snake:4  | Got a serpentine rune of Zot
 48214 | Swamp:1  | Entered Level 1 of the Swamp
 49140 | Swamp:1  | Noticed Mlioglotl
 49158 | Swamp:1  | Gained mutation: Your body sometimes deteriorates upon
                  | taking damage. [a cacodemon]
 50638 | Swamp:1  | Identified the +10 great mace of Ashenzari's Wrath {flame,
                  | *Noise rPois Int+3 Dex+6}
 53531 | Swamp:4  | Entered Level 4 of the Swamp
 54637 | Swamp:4  | Identified the +8 chain mail of Responsibility {Str+5
                  | Slay+3}
 55093 | Swamp:4  | Noticed a bone dragon
 55096 | Swamp:4  | Killed a bone dragon
 55998 | Swamp:4  | Got a decaying rune of Zot
 56163 | Lair:2   | Killed Mlioglotl
 56344 | Elf:1    | Entered Level 1 of the Elven Halls
 56720 | Elf:1    | Reached XP level 18. HP: 93/144 MP: 23/38
 57517 | Elf:1    | Found Tolomilum's Armour Emporium.
 57693 | Elf:1    | Reached skill level 1 in Summonings
 57967 | Elf:1    | Found a runed translucent gate.
 57967 | Elf:1    | Found a runed translucent gate.
 57967 | Elf:1    | Found a runed translucent gate.
 57967 | Elf:1    | Noticed Lajad's ghost (adept OpFE)
 58025 | Elf:1    | Found Pevviv's Neck Hole.
 58128 | Elf:1    | Killed Lajad's ghost
 58198 | Elf:1    | Paralysed by an air elemental for 1 turns
 58284 | Orc:2    | Bought a book of the Wilderness for 570 gold pieces
 58407 | Snake:1  | Bought a potion of heal wounds for 80 gold pieces
 58407 | Snake:1  | Bought a scroll of fear for 64 gold pieces
 58583 | Elf:2    | Learned a level 5 spell: Summon Forest
 58606 | Elf:2    | Found Aliec's One-of-a-Kind Books.
 58813 | Elf:2    | Reached skill level 5 in Summonings
 59061 | Elf:2    | Found Liukoi Afia's Distillery.
 59283 | Elf:2    | Identified a scroll of acquirement
 59284 | Elf:2    | Acquired Sif Muna's Elucidation of Air and Company
 59293 | Elf:2    | Learned a level 6 spell: Conjure Ball Lightning
 59301 | Elf:2    | Learned a level 6 spell: Plasma Beam
 59344 | Elf:2    | Reached skill level 1 in Fire Magic
 59421 | Elf:2    | Found a runed translucent gate.
 59422 | Elf:2    | Found a runed translucent gate.
 59422 | Elf:2    | Found a runed translucent gate.
 59531 | Elf:3    | Entered Level 3 of the Elven Halls
 59810 | Elf:3    | Paralysed by an air elemental for 1 turns
 61153 | Elf:3    | Identified the +9 spear of the Harvest {heavy, Stlth+}
 61170 | Elf:3    | Noticed a Tzitzimitl
 61348 | Abyss:3  | Cast into level 3 of the Abyss (a deep elf sorcerer)
 61402 | Elf:3    | Escaped the Abyss
 61415 | Elf:3    | Identified the ring of Oceypp {rElec Will+ Str+6}
 61451 | Elf:3    | Identified the ring "Jifawn" {rPois rCorr Int+3 SInv}
 61562 | Elf:3    | Identified the +4 falchion of Fury {protect, *Rage SInv
                  | Stlth+}
 62053 | Elf:3    | Found Likhioc's Book Boutique.
 62397 | Elf:3    | Reached XP level 19. HP: 133/149 MP: 39/39
 62454 | Elf:3    | Identified the +4 lajatang of a bailey {drain, rN+ Will-
                  | Dex+2 SInv}
 62454 | Elf:3    | Identified the +5 ring mail "Oro Weni" {rN+ Str+5}
 63055 | Elf:2    | Learned a level 7 spell: Spellforged Servitor
 63103 | Elf:3    | Reached skill level 10 in Summonings
 63474 | Elf:3    | Noticed Asterion
 63483 | Elf:3    | Killed Asterion
 63842 | Elf:3    | Identified the staff of Trial by Ordeal {rC+ Conj}
 63843 | Elf:3    | Identified the +4 shortbow of Ylyqebb {elec, Str+4}
 64142 | Vaults:1 | Entered Level 1 of the Vaults
 64143 | Vaults:1 | Upgraded the game from 0.32-a0-543-gefe97123c3 to
                  | 0.32-a0-572-g3e1049bc92
 64694 | Vaults:1 | Noticed Nikola
 64702 | Vaults:1 | Killed Nikola
 64866 | Vaults:1 | Found Esuez's Jewellery Emporium.
 65354 | Vaults:1 | Was placed under penance by Elyvilon
 66551 | Vaults:1 | Found a runed translucent door.
 66551 | Vaults:1 | Found a shimmering altar of Xom.
 66551 | Vaults:1 | Identified the +7 great sword of Untruth {chaos, rCorr
                  | Str+2 Dex+3}
 66551 | Vaults:1 | Noticed hyperkahler's ghost (veteran MiFi)
 67189 | Vaults:2 | Found Pero Recu's Armour Emporium.
 67902 | Vaults:2 | Noticed Xtahua
 67906 | Vaults:2 | Killed Xtahua
 68095 | Vaults:2 | You are sucked into a shaft and drop 2 floors!
 69609 | Temple   | Fell from the grace of Elyvilon
 69609 | Temple   | Became a worshipper of Vehumet
 69993 | D:4      | Killed Zing's ghost
 70375 | Vaults:2 | Reached XP level 20. HP: 157/157 MP: 32/41
 71275 | Vaults:2 | Reached * piety under Vehumet
 71275 | Vaults:2 | Offered knowledge of Freeze by Vehumet.
 72767 | Vaults:3 | Offered knowledge of Sandblast by Vehumet.
 72868 | Vaults:3 | Reached ** piety under Vehumet
 73115 | Vaults:3 | Found a staircase to the Crypt.
 73115 | Vaults:3 | Found an ancient bone altar of Kikubaaqudgha.
 73116 | Vaults:3 | Found a basalt altar of Yredelemnul.
 74325 | Vaults:3 | Reached skill level 15 in Conjurations
 75052 | Vaults:4 | Offered knowledge of Hailstorm by Vehumet.
 75335 | Vaults:4 | Found Vothefas's Magic Scroll Emporium.
 75343 | Vaults:4 | Bought a scroll of blinking for 97 gold pieces
 75343 | Vaults:4 | Bought a scroll of teleportation for 39 gold pieces
 75343 | Vaults:4 | Bought a scroll of fear for 52 gold pieces
 75343 | Vaults:4 | Bought a scroll of fear for 52 gold pieces
 75593 | Vaults:4 | Reached *** piety under Vehumet
 76233 | Vaults:4 | Offered knowledge of Frozen Ramparts by Vehumet.
 76864 | Vaults:4 | Learned a level 8 spell: Lehudib's Crystal Spear
 77164 | Depths:1 | Entered Level 1 of the Depths
 77706 | Depths:1 | Found a broken altar of Ashenzari.
 77888 | Depths:1 | Found a gateway to Hell.
 78010 | Depths:1 | Reached **** piety under Vehumet
 78011 | Depths:1 | Reached XP level 21. HP: 156/162 MP: 8/43
 79122 | Elf:2    | Bought a potion of brilliance for 60 gold pieces
 79122 | Elf:2    | Bought a potion of heal wounds for 75 gold pieces
 79122 | Elf:2    | Bought a potion of attraction for 45 gold pieces
 79412 | Depths:1 | Found a one-way gateway to a ziggurat.
 79939 | Depths:2 | Found Juwiem's Book Emporium.
 79949 | Depths:2 | Bought a book of Air for 330 gold pieces
 79966 | Depths:2 | You are sucked into a shaft and drop 1 floor!
 79966 | Depths:3 | Noticed a caustic shrike
 80288 | Depths:2 | Found a one-way gate to the infinite horrors of the Abyss.
 80289 | Depths:2 | Offered knowledge of Brom's Barrelling Boulder by Vehumet.
 81092 | Depths:2 | Learned a level 9 spell: Chain Lightning
 81122 | Depths:2 | Reached ***** piety under Vehumet
 81122 | Depths:2 | Offered knowledge of Fireball by Vehumet.
 81429 | Depths:2 | Noticed Sojobo
 81443 | Depths:2 | Killed Sojobo
 81449 | Depths:2 | Identified the +2 dire flail of Summertime {elec, ^Drain
                  | rElec rC+++ Int+2}
 82213 | Depths:2 | Identified the +9 demon blade "Wainaessara" {venom, Will+
                  | rCorr Str+2}
 83188 | Depths:2 | Found Dathous's Antique Armour Shoppe.
 83195 | Depths:2 | Bought a pair of runed gloves for 330 gold pieces
 83458 | Depths:2 | Found a one-way gate leading to the halls of Pandemonium.
 83763 | Depths:3 | Noticed a juggernaut
 83764 | Depths:3 | Noticed a golden dragon
 83768 | Depths:3 | Killed a golden dragon
 83769 | Depths:3 | Killed a juggernaut
 84280 | Depths:3 | Killed a caustic shrike
 85115 | Depths:3 | Paralysed by a vampire knight for 3 turns
 85390 | Depths:3 | Noticed a golden dragon
 85395 | Depths:3 | Killed a golden dragon
 85818 | Depths:3 | Reached XP level 22. HP: 170/170 MP: 44/44
 86774 | Depths:3 | Noticed a golden dragon
 86778 | Depths:3 | Killed a golden dragon
 86989 | Depths:3 | Found a glowing golden altar of the Shining One.
 87313 | Depths:3 | Learned a level 3 spell: Swiftness
 87314 | Depths:4 | Entered Level 4 of the Depths
 87622 | Depths:4 | Noticed a golden dragon
 87628 | Depths:4 | Killed a golden dragon
 87963 | Depths:4 | Noticed a golden dragon
 87972 | Depths:4 | Killed a golden dragon
 88745 | Depths:4 | Reached ****** piety under Vehumet
 88778 | Depths:4 | Offered knowledge of Sticky Flame by Vehumet.
 89049 | Depths:4 | Found a gate to the Realm of Zot.
 89931 | Lair:5   | Entered Level 5 of the Lair of Beasts
 89932 | Lair:5   | Found a viscous altar of Jiyva.
 89933 | Lair:5   | Found a staircase to the Slime Pits.
 90713 | Lair:5   | Offered knowledge of Irradiate by Vehumet.
 90850 | Lair:5   | Found the +27 heavy crossbow "Sniper" {heavy, Acc+∞ SInv}
 91198 | Slime:1  | Entered Level 1 of the Pits of Slime
 91541 | Slime:2  | You are sucked into a shaft and drop 1 floor!
 91894 | Slime:3  | Noticed Donald
 91898 | Slime:3  | Killed Donald
 91915 | Slime:3  | Noticed Dissolution
 91924 | Slime:3  | Killed Dissolution
 92170 | Slime:4  | Offered knowledge of Starburst by Vehumet.
 92188 | Slime:5  | Entered Level 5 of the Pits of Slime
 92266 | Slime:5  | Reached XP level 23. HP: 177/177 MP: 40/45
 92803 | Slime:5  | Noticed the Royal Jelly
 92807 | Slime:5  | Killed the Royal Jelly
 93120 | Slime:5  | Identified the ring "Konotut" {rPois rF+ rN+ Str+4 Dex+6}
 93131 | Slime:5  | Got a slimy rune of Zot
 93135 | Slime:5  | Identified the +4 dagger of Wariness {freeze, rElec rN+}
 93142 | Slime:5  | Identified the +10 short sword of Jisat {freeze, rElec
                  | Dex+3}
 93178 | Slime:5  | Identified the ring "Munumaopn" {rF+ rN+ Str+7 Int+3}
 93219 | Slime:5  | Identified the +4 dagger of Transparent Action {antimagic,
                  | Dex+3 Stlth-}
 94040 | Slime:5  | Reached skill level 10 in Fighting
 94977 | Zot:1    | Entered Level 1 of the Realm of Zot
 95557 | Vaults:2 | Bought the +1 cloak of Starlight {*Dazzle EV+4 Stlth--} for
                  | 335 gold pieces
 95557 | Vaults:2 | Found the +1 cloak of Starlight {*Dazzle EV+4 Stlth--}
 95843 | Snake:1  | Bought a phantom mirror for 640 gold pieces
 96191 | Zot:1    | Noticed a curse toe
 96192 | Zot:1    | Killed a curse toe
 96800 | Zot:1    | Offered knowledge of Eringya's Noxious Bog by Vehumet.
 96801 | Zot:1    | Noticed an ancient lich
 96807 | Zot:1    | Killed an ancient lich
 99281 | Zot:2    | Noticed a Killer Klown
 99284 | Zot:2    | Reached skill level 15 in Fighting
 99288 | Zot:2    | Killed a Killer Klown
 99830 | Zot:2    | Reached XP level 24. HP: 206/206 MP: 45/45
100585 | Zot:2    | Lost mutation: Your body sometimes deteriorates upon taking
                  | damage. [potion of mutation]
100585 | Zot:2    | Gained mutation: You have an increased reservoir of magic.
                  | (+10% MP) [potion of mutation]
100585 | Zot:2    | Gained mutation: Your muscles are strong. (Str +4, Int/Dex
                  | -1) [potion of mutation]
100585 | Zot:2    | Gained mutation: You passively dampen the noise of your
                  | surroundings. [potion of mutation]
100726 | Zot:3    | Noticed an orb of fire
101086 | Zot:3    | Gained mutation: You are clumsy. (Dex -2) [an orb of fire]
101087 | Zot:3    | Killed an orb of fire
101547 | Zot:3    | Identified the +9 flail "Fubism" {antimagic, rPois Int+2}
102447 | Zot:3    | Identified the staff of the Uplifting Saviour {rF+ Dex+2
                  | Fire}
102802 | Zot:4    | Noticed a Killer Klown
102802 | Zot:4    | Noticed a Killer Klown
102802 | Zot:4    | Noticed an ancient lich
102802 | Zot:4    | Noticed Grunn
102805 | Zot:4    | Killed Grunn
102964 | Zot:4    | Noticed a Killer Klown
102964 | Zot:4    | Noticed a Killer Klown
102965 | Zot:4    | Killed a Killer Klown
102965 | Zot:4    | Killed a Killer Klown
102968 | Zot:4    | Killed an ancient lich
102969 | Zot:4    | Killed a Killer Klown
103054 | Zot:4    | Killed a Killer Klown
103220 | Zot:4    | Offered knowledge of Irradiate by Vehumet.
103230 | Zot:4    | Learned a level 4 spell: Passage of Golubria
103744 | Zot:4    | Found a transporter.
103788 | Zot:4    | Found a transporter.
103889 | Zot:4    | Reached skill level 5 in Dodging
104099 | Zot:4    | Identified the +1 helmet "Kiaw" {Fly rF++ Will- SInv}
104253 | Zot:4    | Found a transporter.
104273 | Zot:4    | Found a transporter.
104373 | Zot:5    | Entered Level 5 of the Realm of Zot
104419 | Zot:5    | Found a runed translucent gate.
104419 | Zot:5    | Found a runed translucent gate.
104419 | Zot:5    | Found a runed translucent gate.
104421 | Zot:5    | Found an ancient bone altar of Kikubaaqudgha.
104422 | Zot:5    | Noticed an ancient lich
104422 | Zot:5    | Noticed a dread lich
104422 | Zot:5    | Noticed an ancient lich
104423 | Zot:5    | Noticed Hakotaro's ghost (master OpCj)
104959 | Zot:5    | Noticed an ancient lich
105240 | Zot:5    | Reached XP level 25. HP: 210/213 MP: 51/51
105498 | Zot:5    | Noticed an orb of fire
105503 | Zot:5    | Killed an orb of fire
105755 | Zot:5    | Noticed an orb of fire
105756 | Zot:5    | Noticed a dread lich
105758 | Zot:5    | Killed a dread lich
105759 | Zot:5    | Gained mutation: You occasionally shout uncontrollably at
                  | your foes. [an orb of fire]
105760 | Zot:5    | Killed an orb of fire
105777 | Zot:5    | Noticed a Killer Klown
106256 | Zot:5    | Killed a Killer Klown
106339 | Zot:5    | Noticed a dread lich
106339 | Zot:5    | Noticed a dread lich
106349 | Zot:5    | Killed a dread lich
106350 | Zot:5    | Killed a dread lich
106351 | Zot:5    | Reached skill level 10 in Dodging
106705 | Zot:5    | Noticed an orb of fire
106707 | Zot:5    | Noticed a Killer Klown
106709 | Zot:5    | Killed an orb of fire
106713 | Zot:5    | Noticed a Killer Klown
107057 | Zot:5    | Killed a Killer Klown
107058 | Zot:5    | Noticed a dread lich
107062 | Zot:5    | Killed a dread lich
107063 | Zot:5    | Killed a Killer Klown
107077 | Zot:5    | Offered knowledge of Starburst by Vehumet.
107077 | Zot:5    | Noticed a dread lich
107081 | Zot:5    | Killed a dread lich
108310 | Zot:5    | Got the Orb of Zot
108434 | Zot:1    | Noticed Iguwes the pandemonium lord
108774 | D:6      | Noticed Seavov the pandemonium lord
108783 | D:6      | Killed Seavov the pandemonium lord
108951 | D:$      | Escaped with the Orb!

Illustrated notes

Levels and vault maps discovered:
D:1:      dpeg_arrival_boxorama, layout_rooms
D:2:      layout_basic, basic_altar, uniq_robin
D:3:      minmay_chambers_of_threes, layout_basic,
          grunt_temple_overflow_forces_of_nature,
          chequers_temple_overflow_statue_of_worship
D:4:      layout_gridville, mainiacjoe_overflow_surrounded_room,
          nicolae_ru_sacrificial_ziggurat, mainiacjoe_overflow_boulevard,
          temple_fountains, biasface_ghost_orc_armoury, serial_shops,
          nicolae_shop_mannequins, uniq_duvessa, uniq_eustachio
D:5:      layout_basic, dk_vineyard_3, kennysheep_nub
D:6:      old_forge, layout_basic, lemuel_mausoleum_altar_yredelemnul
D:7:      layout_cave_pools, mainiacjoe_overflow_chevrons, serial_shops,
          nicolae_shop_gibbet_a_chance, nicolae_ossuary_entry_giza, uniq_pikel,
          uniq_maurice, uniq_maggie
D:8:      layout_basic, okawaru_ov_weapons_minmay, minivault_14, st_stairs_1
D:9:      layout_loops_corners, mainiacjoe_overflow_cross_hatched,
          mainiacjoe_overflow_small_starburst, orc_0_dummy, serial_shops, shop,
          ebering_ghost_rock_garden, palyth_stone_intersect, uniq_joseph,
          uniq_erica
D:10:     minmay_the_grid_3x3 [minmay_the_grid_outer_diamond,
          minmay_the_grid_doors, minmay_the_grid_minigrid_small,
          minmay_the_grid_minigrid_large, minmay_the_grid_embedded,
          minmay_the_grid_paths, minmay_the_grid_stretched_grid,
          minmay_the_grid_garden, minmay_the_grid_prize_diamond_cup],
          layout_long_grid, uniq_snorg
D:11:     layout_gridville, gauntlet_entry_generic
D:12:     layout_roguey, uniq_erolcha, uniq_lodul
D:13:     layout_gridville, skrybe_vaults_entry_preservation, sword_in_stone,
          uniq_frances
D:14:     layout_small_grid, chequers_mini_garden, nicolae_transporter_circle,
          uniq_kirke
D:15:     hellmonk_depths_entry_around_the_bend, layout_basic, minmay_shop_chei
Temple:   dpeg_chambers_temple
Lair:1:   layout_misc_corridors
Lair:2:   layout_regular_city, swamp_mist, guppyfry_snake_entry_island
Lair:3:   layout_regular_city, st_stairs_5, grunt_megastairs_4, uniq_rupert
Lair:4:   beast_lair_carwin_large_2, layout_layer_cave, dpeg_oklob_1,
          infiniplex_staircase_pool_2, uniq_urug
Lair:5:   guppyfry_lair_end_dragon, layout_small_grid, hangedman_lair_in_review,
          slime_entry_1, grunt_forest_small_clearing_treed
Swamp:1:  layout_basic_swamp, evilmike_swamp_ruin_house_3, uniq_mlioglotl
Swamp:2:  layout_basic_swamp, wheals_swamp_sinkhole, swamp_pool_1_2,
          nicolae_swamp_very_dense_foliage
Swamp:3:  layout_basic_swamp, nicolae_swamp_tree_isthmus, swamp_pool_5,
          nzn_swamp_dancing_lights, infiniplex_staircase_pool,
          nicolae_swamp_decorative_isthmus
Swamp:4:  swamp_pestilence, layout_basic_swamp
Snake:1:  layout_cave_pods, serial_shops, shop, nicolae_diamond_shop, shop,
          nicolae_shop_pleasant_corner_grove, serial_bayou_shore_b
Snake:2:  layout_grid_maze, uniq_aizul
Snake:3:  layout_basic
Snake:4:  grunt_snake_rune_spirals, layout_onion, serial_shops,
          nicolae_shop_waterfront, nicolae_shop_tiny_real_fake_doors
Slime:1:  layout_caves
Slime:2:  layout_caves, cheibrodos_slime_lost_civilization_7
Slime:3:  layout_caves, uniq_donald, uniq_dissolution
Slime:4:  layout_caves, basic_altar
Slime:5:  slime_pit_nicolae_block_by_block
Orc:1:    layout_caves, ebering_ghost_disaster_area, special_room
          [special_room_orc]
Orc:2:    grunt_orc_cross, layout_caves, serial_shops, shop_coins,
          nicolae_shop_tiny_real_fake_doors, nicolae_shop_waterfront,
          nicolae_shop_tiny_waterfront
Elf:1:    layout_gridlike, serial_shops, nicolae_shop_stone,
          ebering_ghost_rock_garden, minmay_elf_crystal_heptagon, minivault_5,
          grunt_ministairs_5, nicolae_shop_sticking_my_neck_out
Elf:2:    nicolae_elf_blades_crystal_corner, layout_geoelf_octagon,
          serial_shops, nicolae_shop_real_fake_doors, nicolae_rare_books
Elf:3:    minmay_elf_hall_statues, layout_loops_cross, serial_shops,
          nicolae_shop_crystal, uniq_asterion
Vaults:1: ebering_ghost_xom, nicolae_vaults_shelves_hall,
          nicolae_vaults_ellipses_ellipsis, v_misc_3, vaults_mumra_minichess,
          nicolae_vaults_oval_intersection, nicolae_vaults_double_plus_2,
          nicolae_vaults_little_ls, ontoclasm_vaults_bender, v_misc_9,
          nicolae_vaults_trapezoid_1, nicolae_vaults_shrinking_rooms_2,
          nicolae_vaults_swerve, layout_vaults_maze_bifur, serial_shops, shop,
          uniq_nikola
Vaults:2: vaults_mumra_chevron, nicolae_vaults_triangles,
          nicolae_vaults_offset_grid_hallway_4, hangedman_vaults_trim,
          hangedman_vaults_cutoff, nicolae_vaults_network_star,
          nicolae_vaults_tetromino_T_1, layout_vaults_omnibox, serial_shops,
          shop, uniq_xtahua
Vaults:3: v_pattern_3, minmay_crypt_entry_necro_gods, v_rooms_1,
          nicolae_vaults_network_s, nicolae_vaults_offset_grid_hallway_3,
          nicolae_vaults_storage_room_doors, vaults_room_fours, v_misc_30,
          nicolae_vaults_apartment_2, nicolae_vaults_hexular_roomagon,
          vaults_room_corners, ontoclasm_vaults_fault, vaults_room_hallway,
          st_check, layout_vaults_big_cross
Vaults:4: st_cells, nicolae_vaults_closet_pinwheel_2, hangedman_vaults_locks,
          v_alt_pattern_1, grunt_vaults_twisty, layout_vaults_omnigrid,
          serial_shops, shop
Depths:1: layout_gridlike, enter_ziggurat_b, pf_hell_entry_tar_river,
          ashenzari_conservatory_becter, evilmike_butchery
Depths:2: minmay_central_circle, layout_gridlike, rand_demon_pan_entry_9,
          grunt_hell_entry_dis_old, minmay_room_of_horrors, serial_shops,
          nicolae_shop_hallway_plus, nicolae_shop_hallway_plus, uniq_sojobo
Depths:3: minmay_big_diamond_grid, layout_basic,
          hangedman_abyss_or_decor_clamps, abyss_entry, hell_entry,
          nicolae_tso_swordbearing_angel, infiniplex_staircase_zigzag_3
Depths:4: evilmike_zot_entry_diamond, layout_cave_shapes, serial_bayou,
          serial_bayou_lagoon_b, serial_bayou_shore_b, serial_bayou_pond_b,
          serial_bayou_pond_b, serial_bayou_pond_d, grunt_metal_band
Zot:1:    layout_misc_corridors, regret_index_zotdec_split_disrupt,
          grunt_ministairs_9, nzn_random_ring,
          regret_index_zotdec_twisting_globes
Zot:2:    layout_onion, regret_index_zotdec_ex, st_stairs_11,
          hangedman_elemental_corridor
Zot:3:    layout_basic, regret_index_zot_stipple_split,
          st_single_dragon_hoard_3, grunt_ministairs_2
Zot:4:    ebering_klown_carousel, layout_twisted_circle,
          nicolae_transporter_intersection, uniq_grunn
Zot:5:    layout_basic, gammafunk_ghost_crypt

Skill      XL: |  1  2  3  4  5  6  7  8  9 10 11 12 13 14 15 16 17 18 19 20 21 22 23 24 25 |
---------------+----------------------------------------------------------------------------+-----
Spellcasting   | 3 4 5 9 10 12 14 15 16 17 18 20 | 20.0
Conjurations   | 5 6 7 8 10 11 13 15 17 19 20 22 | 22.0
Staves         | 2 |  2.7
Alchemy        | 2 3 5 7 |  7.0
Air Magic      | 3 5 6 8 11 12 16 17 18 19 21 22 | 22.0
Translocations | 3 |  3.0
Ice Magic      | 4 5 6 |  6.0
Fighting       | 5 8 15 18 | 18.7
Invocations    | 8 10 12 | 12.0
Shields        | 5 9 10 | 10.0
Earth Magic    | 3 10 12 | 12.2
Summonings     | 9 12 | 12.0
Fire Magic     | 4 |  4.0
Dodging        | 7 10 | 10.0
Stealth        | |  1.7

Action                     |  1- 3 |  4- 6 |  7- 9 | 10-12 | 13-15 | 16-18 | 19-21 | 22-24 | 25-27 || total
---------------------------+-------+-------+-------+-------+-------+-------+-------+-------+-------++-------
  Melee: Dagger            |     3 |     3 |       |       |       |       |       |       |       ||     6
         Tailslap          |       |     1 |       |       |    14 |     7 |    16 |     6 |     2 ||    46
         Staff             |       |     8 |     1 |    11 |    68 |    46 |    64 |    31 |     6 ||   235
  Throw: Dart              |       |       |       |       |     4 |     1 |     1 |       |       ||     6
   Cast: Magic Dart        |    54 |    74 |    87 |    70 |       |       |       |       |       ||   285
         Searing Ray       |     5 |    24 |    74 |    67 |     1 |       |       |       |       ||   171
         Fulminant Prism   |       |       |     4 |    79 |    22 |       |       |       |       ||   105
         Mephitic Cloud    |       |       |     1 |     3 |       |       |       |       |       ||     4
         Iskenderun's Myst |       |       |     2 |    48 |   123 |    93 |    21 |     3 |     6 ||   296
         Freezing Cloud    |       |       |       |    36 |   198 |   151 |    80 |       |       ||   465
         Arcjolt           |       |       |       |    25 |    94 |   145 |    37 |       |       ||   301
         Bombard           |       |       |       |       |    58 |   185 |   145 |    37 |     1 ||   426
         Maxwell's Capacit |       |       |       |       |       |    71 |    37 |    68 |     8 ||   184
         Plasma Beam       |       |       |       |       |       |    47 |     6 |       |       ||    53
         Conjure Ball Ligh |       |       |       |       |       |     2 |    23 |    18 |       ||    43
         Summon Forest     |       |       |       |       |       |     1 |       |       |       ||     1
         Spellforged Servi |       |       |       |       |       |       |   104 |    72 |     8 ||   184
         Lehudib's Crystal |       |       |       |       |       |       |    44 |    61 |    22 ||   127
         Chain Lightning   |       |       |       |       |       |       |    35 |   151 |    51 ||   237
         Swiftness         |       |       |       |       |       |       |       |     1 |       ||     1
 Invoke: Heal Other        |       |       |       |       |     3 |     2 |       |       |       ||     5
         Heal Self         |       |       |       |       |       |     4 |       |       |       ||     4
         Divine Vigour     |       |       |       |       |       |     2 |       |       |       ||     2
  Evoke: Phial of floods   |       |       |       |       |     1 |     1 |       |       |       ||     2
         Wand              |       |       |       |       |       |     2 |     1 |       |     3 ||     6
    Use: Potion            |       |     2 |       |     2 |     4 |     8 |     5 |     6 |     5 ||    32
         Scroll            |       |       |       |     9 |    17 |     8 |    14 |     6 |     2 ||    56
   Stab: Sleeping          |       |       |     1 |       |       |       |       |       |       ||     1
         Distracted        |       |       |       |       |       |     1 |     3 |     2 |       ||     6
 Armour: Skin              |    10 |    51 |    69 |   110 |   153 |   323 |   294 |   376 |    92 ||  1478
  Dodge: Dodged            |    10 |    31 |    51 |    90 |    73 |    94 |   124 |   115 |    44 ||   632
         Repelled          |     1 |       |     3 |    22 |    36 |    74 |    23 |       |       ||   159
  Block: Other             |       |       |       |    27 |    19 |       |       |       |       ||    46
         Reflection        |       |       |       |     3 |    11 |       |       |       |       ||    14
         Kite shield       |       |       |       |       |   140 |   355 |   236 |   142 |    46 ||   919

Table legend: (Time is in decaauts)
 A = Elapsed time spent in this place.
 B = Non-inter-level travel time spent in this place.
 C = Inter-level travel time spent in this place.
 D = Time resting spent in this place.
 E = Time spent auto-exploring this place.
 F = Levels seen in this place.
 G = Mean time per level.
                   A        B        C        D        E       F      G
               +--------+--------+--------+--------+--------+-----+--------+
         Total | 111943 | 103213 |   8730 |  41218 |  45345 |  54 | 2073.0 |
       Dungeon |  30013 |  25886 |   4127 |   8257 |  13685 |  15 | 2000.9 |
        Temple |     62 |      3 |     59 |      0 |      0 |   1 |   62.0 |
          Lair |  10626 |   9846 |    780 |   3519 |   5103 |   5 | 2125.2 |
         Swamp |   6865 |   6704 |    161 |   2943 |   2522 |   4 | 1716.2 |
     Snake Pit |  10018 |   9471 |    547 |   3563 |   4156 |   4 | 2504.5 |
    Slime Pits |   3441 |   3373 |     68 |   1743 |    884 |   5 |  688.2 |
  Orcish Mines |   3905 |   3555 |    350 |   1714 |   1178 |   2 | 1952.5 |
   Elven Halls |   7970 |   7416 |    554 |   3217 |   2805 |   3 | 2656.7 |
        Vaults |  12758 |  11644 |   1114 |   2938 |   7096 |   4 | 3189.5 |
        Depths |  12208 |  11666 |    542 |   5886 |   3953 |   4 | 3052.0 |
           Zot |  12827 |  12403 |    424 |   6597 |   3829 |   5 | 2565.4 |
         Abyss |     58 |     58 |      0 |      0 |      0 |   1 |   58.0 |
       Ossuary |   1187 |   1187 |      0 |    838 |    130 |   1 | 1187.0 |
               +--------+--------+--------+--------+--------+-----+--------+

Top non-repeatable levels by time:
 Snake:4: 5130 daAuts
Depths:2: 4626 daAuts
     D:9: 4250 daAuts
  Lair:2: 3792 daAuts
Vaults:1: 3763 daAuts
   Elf:3: 3725 daAuts
Vaults:3: 3694 daAuts
    D:10: 3583 daAuts
   Zot:1: 3416 daAuts
     D:6: 3010 daAuts
Depths:3: 2997 daAuts
Vaults:2: 2953 daAuts
   Zot:5: 2876 daAuts
   Zot:4: 2746 daAuts
Depths:1: 2717 daAuts
